 Dungeon Crawl Stone Soup version 0.26-a0-712-ga5a9c9c9d0 (webtiles) character file.

Game seed: 1582193981442786643

682 kae the Insei (level 7, -1/42 HPs)
             Began as a Tengu Transmuter on Nov 12, 2020.
             Killed by nerve-wracking pain
             ... invoked by Menkaure
              (9 damage)
             ... on level 5 of the Dungeon.
             The game lasted 00:03:15 (6194 turns).

kae the Insei (Tengu Transmuter)                    Turns: 6194, Time: 00:03:16

Health: -1/42      AC:  2    Str: 12    XL:     7   Next: 61%
Magic:  3/11       EV: 24    Int: 14    God:
Gold:   260        SH:  0    Dex: 19    Spells: 6/10 levels left

rFire    . . .     SeeInvis .     - Unarmed
rCold    . . .     Faith    .   (shield currently unavailable)
rNeg     . . .     Spirit   .   (armour currently unavailable)
rPois    x         Reflect  .   (helmet currently unavailable)
rElec    .         Harm     .   (cloak currently unavailable)
rCorr    .         Rampage  .   (gloves currently unavailable)
MR       .....                  (boots unavailable)
Stlth    ++........             (no amulet)
HPRegen  0.14/turn              (no ring)
MPRegen  0.12/turn              (no ring)

@: spider-form (expiring), flying quickly and evasively, very slightly
contaminated, quick
A: tiny, able to fly
a: Stop Flying, End Transformation


You were on level 5 of the Dungeon.
You were a venomous arachnid creature.
You visited 1 branch of the dungeon, and saw 5 of its levels.

You collected 260 gold pieces.

Inventory:

Armour
 a - a +1 robe (melded)
Jewellery
 h - an uncursed ring of wizardry {unknown}
 j - a +6 ring of strength {unknown}
 o - an uncursed amulet of guardian spirit {unknown}
 q - an uncursed ring of resist corrosion {unknown}
Wands
 r - a wand of enslavement (8)
Scrolls
 c - 4 scrolls of remove curse
 i - a scroll of fear
 k - a scroll of enchant armour
 l - 2 scrolls of identify {unknown}
 m - a scroll of enchant weapon {unknown}
 n - a scroll of blinking {unknown}
 p - a scroll of noise {unknown}
Potions
 b - a potion of ambrosia {unknown}
 d - 4 potions of flight {unknown}
 e - 2 potions of curing {unknown}
 f - a potion of heal wounds
 g - a potion of cancellation {unknown}
 s - a potion of degeneration {unknown}


   Skills:
 + Level 3.9 Fighting
 - Level 2.1 Dodging
 + Level 5.5 Unarmed Combat
 - Level 2.0 Spellcasting
 * Level 5.0 Transmutations


You had 6 spell levels left.
You knew the following spells:

 Your Spells              Type           Power        Failure   Level
a - Beastly Appendage     Tmut           ###...       11%         1
b - Spider Form           Tmut/Pois      #.........   47%         3

Your spell library contained the following spells:

 Spells                   Type           Power        Failure   Level
 Wereblood                Tmut           ###.....     14%         2
 Ice Form                 Ice/Tmut       #.......     82%         4
 Blade Hands              Tmut           ###.......   82%         5


Dungeon Overview and Level Annotations

Branches:
Dungeon (5/15)
 Temple: D:4-7

Altars:

Annotations:
D:3 2 runed translucent doors, Crazy Yiuf; Lanoc's ghost, amateur MiTm
D:5 Menkaure


Innate Abilities, Weirdness & Mutations

((You have a beak for a mouth.))
((You have claws for feet.))
You can fly continuously.


Message History

Menkaure is severely damaged.
Menkaure mumbles some strange words.
Menkaure seems to speed up.
You completely miss Menkaure.
Menkaure is severely damaged.
Menkaure hits you!
* * * LOW HITPOINT WARNING * * *
You hit Menkaure.
Menkaure is almost destroyed.
Menkaure barely misses you.
You hit Menkaure.
Menkaure is almost destroyed.
Your transformation is almost over.
Menkaure misses you.
You hit Menkaure but do no damage.
Menkaure is almost destroyed.
Menkaure misses you.
Menkaure gestures at you while chanting.
Pain shoots through your body!
You die...

#.# .....?..#.#########
..#....M.##......#
###.........#......#
##.....####.........#
##..#.#######.#......# +#
#..##.# #............ .#
#.##..# #.##.#......# .#
#######.##M##########'......
.#
#.......###s≈≈≈≈≈≈≈≈.#.....#
.#####.#######
#≈........≈#....## .......#
###≈.######.≈#..####
...##### ##.#≈.# #.≈#.## #
.#.....# ####..#≈.# #.≈#.# #
.....#.###.....#≈.# #.≈#.# #
...............#≈.# #.≈#.# #
.......[.......#≈.######.≈ #
.............<.#≈........≈ #


You could see Menkaure (fast).

Vanquished Creatures
  Sigmund (D:3)
  An ice beast (D:5)
  A howler monkey (D:4)
  A centaur zombie (D:5)
  A bullfrog zombie (D:5)
  2 hounds (D:4)
  2 orc priests (D:3)
  Jessica (D:3)
  An iguana (D:4)
  An orc wizard (D:3)
  6 adders
  An adder zombie (D:5)
  2 worms (D:2)
  2 dart slugs
  A leopard gecko (D:5)
  9 orcs
  A ball python (D:4)
  4 giant cockroaches
  9 goblins
  4 hobgoblins
  3 quokkas
  A ball python skeleton (D:5)
  6 bats
  A frilled lizard (D:2)
  A jackal zombie (D:5)
  4 kobolds
  5 rats
72 creatures vanquished.

Notes
Turn   | Place    | Note
-------+----------+-------------------------------------------
     0 | D:1      | kae the Tengu Transmuter began the quest for the Orb.
     0 | D:1      | Reached XP level 1. HP: 12/12 MP: 4/4
   468 | D:1      | Reached XP level 2. HP: 15/16 MP: 4/6
  1357 | D:2      | Reached XP level 3. HP: 20/20 MP: 5/7
  1362 | D:2      | Learned a level 3 spell: Spider Form
  1883 | D:2      | Reached XP level 4. HP: 4/26 MP: 8/8
  2337 | D:3      | Found a runed translucent door.
  2338 | D:3      | Noticed Crazy Yiuf
  2757 | D:3      | Noticed Lanoc's ghost (amateur MiTm)
  2763 | D:3      | Found a runed translucent door.
  2846 | D:3      | Gained mutation: You can fly continuously. [Tengu growth]
  2846 | D:3      | Reached XP level 5. HP: 28/30 MP: 7/9
  2930 | D:3      | Noticed Jessica
  3224 | D:3      | Killed Jessica
  3825 | D:3      | Noticed Sigmund
  3866 | D:4      | Reached XP level 6. HP: 18/36 MP: 6/10
  4047 | D:3      | Killed Sigmund
  4214 | D:4      | Reached skill level 5 in Unarmed Combat
  4238 | D:4      | Reached XP level 7. HP: 41/41 MP: 9/11
  5347 | D:5      | Entered Level 5 of the Dungeon
  5561 | D:5      | Noticed Menkaure
  5997 | D:5      | Reached skill level 5 in Transmutations
  6194 | D:5      | Killed from afar by Menkaure

Illustrated notes

Levels and vault maps discovered:
D:1:      evilmike_arrival_crescent, layout_basic, minmay_cupped
D:2:      kennysheep_the_goblin_king, layout_loops_cross
D:3:      layout_basic, hellmonk_ghost_happy_afterlife, uniq_crazy_yiuf_cottage,
          uniq_jessica, uniq_sigmund
D:4:      layout_cave_pods, minmay_ruptured
D:5:      layout_rooms, kennysheep_pointless_box, kennysheep_generic_room_9,
          uniq_menkaure

Skill      XL: |  1  2  3  4  5  6  7 |
---------------+----------------------+-----
Transmutations | 2 3 4 5 |  5.0
Fighting       | 2 3 |  3.9
Unarmed Combat | 4 5 |  5.5
Dodging        | |  2.1
Spellcasting   | |  2.0

Action                   |  1- 3 |  4- 6 |  7- 9 || total
-------------------------+-------+-------+-------++-------
Melee: Unarmed           |    76 |    90 |    60 ||   226
       Kick              |     8 |     7 |    12 ||    27
       Headbutt          |     5 |     7 |     1 ||    13
       Peck              |     7 |     9 |     4 ||    20
       Punch             |       |     1 |       ||     1
 Cast: Beastly Appendage |    16 |    11 |     7 ||    34
       Spider Form       |     3 |     5 |     3 ||    11
 Abil: Fly               |       |       |     1 ||     1
  Use: Scroll            |     3 |     4 |       ||     7
       Potion            |       |     2 |       ||     2
 Stab: Sleeping          |       |     3 |     1 ||     4
Armor: Robe              |    15 |     9 |     6 ||    30
       Skin              |       |     2 |       ||     2
Dodge: Dodged            |    47 |    64 |    32 ||   143

Table legend: (Time is in decaauts)
 A = Elapsed time spent in this place.
 B = Non-inter-level travel time spent in this place.
 C = Inter-level travel time spent in this place.
 D = Time resting spent in this place.
 E = Time spent auto-exploring this place.
 F = Levels seen in this place.
 G = Mean time per level.
                   A        B        C        D        E       F      G
               +--------+--------+--------+--------+--------+-----+--------+
         Total |   6173 |   5996 |    177 |    888 |   4462 |   5 | 1234.6 |
       Dungeon |   6173 |   5996 |    177 |    888 |   4462 |   5 | 1234.6 |
               +--------+--------+--------+--------+--------+-----+--------+

Top non-repeatable levels by time:
     D:3: 1718 daAuts
     D:2: 1513 daAuts
     D:4: 1491 daAuts
     D:1: 836 daAuts
     D:5: 613 daAuts
